 Dungeon Crawl Stone Soup version 0.18.1-48-g4cf74bf (webtiles) character file.

11300 Doomgape the Nimble (level 11, -20/65 HPs)
             Began as a Gargoyle Monk on July 30, 2016.
             Was a High Priest of Qazlal.
             Demolished by a death yak (21 damage)
             ... on level 2 of the Lair of Beasts on July 31, 2016.
             The game lasted 00:34:03 (9666 turns).

Doomgape the Nimble (Gargoyle Monk)                 Turns: 9666, Time: 00:34:04

Health: -20/65     AC: 17    Str: 17    XL:     11   Next: 75%
Magic:  11/11      EV: 19    Int: 10    God:    Qazlal [*****.]
Gold:   888        SH: 10    Dex: 14    Spells: 4 memorised, 3 levels left

rFire  . . .     SeeInvis .       - Unarmed
rCold  . . .     Gourm    .     r - +1 leather armour {MR+}
rNeg   + . .     Faith    .     (no shield)
rPois  ∞         Spirit   .     (no helmet)
rElec  +         Dismiss  .     (no cloak)
rCorr  +         Reflect  +     (no gloves)
SustAt .         Harm     .     s - +2 pair of boots
MR     +....                    t - +3 amulet of reflection
Stlth  +.........               H - +5 ring of slaying
                                q - ring of resist corrosion

@: repel missiles, somewhat resistant to hostile enchantments, very unstealthy
A: hooves 1, rugged brown scales 1, slimy green scales 1, negative energy
resistance 1, regeneration 1, electricity resistance, unbreathing, petrification
resistance, rot immunity, AC +7
a: Upheaval, Elemental Force, Disaster Area, Renounce Religion


You were on level 2 of the Lair of Beasts.
You worshipped Qazlal.
Qazlal was extremely pleased with you.
You were very hungry.

You visited 3 branches of the dungeon, and saw 13 of its levels.
You also visited: Ossuary.

You collected 888 gold pieces.

Inventory:

Armour
 h - a +0 shield
 r - a +1 leather armour of magic resistance (worn)
 s - a +2 pair of boots (worn)
Jewellery
 o - an uncursed ring of positive energy
 p - an uncursed ring of ice
 q - a ring of resist corrosion (left hand)
 t - a +3 amulet of reflection (around neck)
 H - a +5 ring of slaying (right hand)
 J - an uncursed amulet of rage
Wands
 v - a wand of flame (23/48)
 E - a wand of slowing (15/48)
 F - a wand of random effects (25/48)
 I - a wand of digging (16/24)
Scrolls
 c - 2 scrolls of remove curse
 f - 9 scrolls of teleportation
 g - 12 scrolls of identify
 i - 2 scrolls of recharging
 m - a scroll of magic mapping
 w - a scroll of fear
 K - a scroll of vulnerability {unknown}
 M - a scroll of enchant armour
 P - a scroll of random uselessness {unknown}
 R - a scroll of blinking
Potions
 d - a potion of mutation
 e - a potion of agility
 j - 6 potions of curing
 u - 4 potions of brilliance
 x - a potion of cancellation
 z - a potion of ambrosia {unknown}
 A - a potion of haste
 B - a potion of lignification
 C - 2 potions of resistance
 D - a potion of cure mutation
 G - a potion of heal wounds
 N - a potion of invisibility {unknown}
 O - 3 potions of degeneration {unknown}
Books
 a - a book of Enchantments

   Spells                             Type                      Level
   a - Cause Fear                     Hexes                        4
   b - Yara's Violent Unravelling     Hexes/Transmutation          5
   c - Silence                        Hexes/Air                    5
   d - Deflect Missiles               Charms/Air                   6
   e - Haste                          Charms                       6
   f - Discord                        Hexes                        8
 l - a book of Maledictions

   Spells                             Type                      Level
   a - Corona                         Hexes                        1
   b - Ensorcelled Hibernation        Hexes/Ice                    2
   c - Confuse                        Hexes                        3
   d - Tukima's Dance                 Hexes                        3
   e - Dazzling Spray                 Conjuration/Hexes            3
 y - a book of Spatial Translocations

   Spells                             Type                      Level
   a - Apportation                    Translocation                1
   b - Blink                          Translocation                2
   c - Shroud of Golubria             Charms/Translocation         2
   d - Portal Projectile              Translocation                3
   e - Teleport Other                 Translocation                3
   f - Passage of Golubria            Translocation                4
Miscellaneous
 Q - a crystal ball of energy
Comestibles
 b - 8 bread rations
 k - 8 meat rations
 n - 3 fruits
 L - 2 slices of pizza


   Skills:
 + Level 5.8 Fighting
 - Level 12.0 Dodging
 - Level 2.1 Stealth
 - Level 11.3 Unarmed Combat


You had 3 spell levels left.
You knew the following spells:

 Your Spells              Type           Power        Failure   Level  Hunger
a - Apportation           Tloc           #.........   47%         1    ##.....
b - Repel Missiles        Chrm/Air       #.....       73%         2    ###....
c - Swiftness             Chrm/Air       #.......     73%         2    ###....
d - Blink                 Tloc           N/A          73%         2    ###....


Dungeon Overview and Level Annotations

Branches:
Dungeon (9/15)             Temple (1/1) D:4            Lair (3/8) D:9
  Swamp: Lair:3-6    Shoals: Lair:3-6     Snake: Lair:3-6    Spider: Lair:3-6
    Orc: D:9-12

Altars:
Ashenzari
Cheibriados
Dithmenos
Elyvilon
Fedhas
Gozag
Kikubaaqudgha
Makhleb
Okawaru
Pakellas
Qazlal
Ru
Trog
Vehumet
Xom
Yredelemnul
Zin
The Shining One

Shops:
D:5 :


Innate Abilities, Weirdness & Mutations

You are resistant to torment.
Your stone body is resilient (AC +7).
You are immune to poison.
You resist negative energy.
You are resistant to electric shocks.
You can survive without breathing.
You are immune to petrification.
You are immune to rotting.
You have large cloven feet.
You are partially covered in rugged brown scales (AC +1, +3% HP).
You are partially covered in slimy green scales (AC +2).
Your natural rate of healing is unusually fast.


Message History

The spiny frog stings you!
The death yak is engulfed in freezing vapours.
The death yak gores you!! You block the death yak's attack.
Unknown command.
You block the spiny frog's attack.
The death yak is engulfed in freezing vapours.
You block the death yak's attack. The death yak barely misses you.
You climb upwards.
There is a stone staircase leading down here.
Unknown command.
Unknown command.
Unknown command.
Unknown command.
Unknown command.
The spiny frog stings you!
* * * LOW HITPOINT WARNING * * *
The spiny frog stings you!
* * * LOW HITPOINT WARNING * * *
The death yak gores you!!
You die...

#####............
#........<....
###..........#.
#...........###
######........##
#...........###
##..........##
#..§§.......# #
##@Y.......## #
##YF§.....P# ##
#.#.......#### #P
##.§.......^.# ##.
#P.....##...####..
##....####....##..
###.## ###....#.
### #..#...
#####..


You could see 2 death yaks and a spiny frog.

Vanquished Creatures
  Urug (Lair:1)
  An oklob plant (Lair:1)
  A wolf spider (Lair:2)
  A black mamba (Lair:2)
  The ghost of Killer the Shield-Bearer, a novice MiFi (D:6)
  Joseph (D:9)
  2 spiny frogs
  5 komodo dragons
  Grinder (D:4)
  3 blink frogs
  9 yaks
  3 basilisks
  A steam dragon (D:8)
  A water moccasin (Lair:2)
  Duvessa (D:6)
  4 porcupines
  An ice beast (D:9)
  3 orc warriors
  4 phantoms
  5 ogres
  2 centaurs (D:9)
  3 crocodiles
  11 giant frogs
  Dowan (D:6)
  A scorpion (D:6)
  4 killer bees (D:9)
  An electric eel (D:8)
  2 crimson imps (D:9)
  A giant frog zombie (D:8)
  A quasit (D:8)
  2 hounds
  A human zombie (D:5)
  A jelly (D:4)
  A giant frog skeleton (D:6)
  A gnoll shaman (D:9)
  An orc priest (D:8)
  3 iguanas
  2 orc wizards
  5 worker ants
  6 sheep (Lair:2)
  2 worker ant zombies
  12 mummies (Ossuary)
  Robin (D:4)
  15 adders
  9 gnolls
  30 river rats
  3 shadow imps
  An adder zombie (D:8)
  A worm (D:2)
  A dart slug (D:1)
  3 giant geckos
  16 orcs
  A ball python (D:8)
  3 giant cockroaches
  5 hobgoblins
  9 jackals
  10 kobolds
  7 quokkas
  6 bats
  5 giant newts
  17 goblins
  2 goblin skeletons (Ossuary)
  2 jackal skeletons
  2 kobold skeletons (Ossuary)
  3 orc skeletons (Ossuary)
  9 rats
  5 rat skeletons (Ossuary)
  4 bushes (Lair:1)
  10 fungi
  2 plants
295 creatures vanquished.

Vanquished Creatures (others)
  A goblin skeleton (Ossuary)
  6 rat skeletons (Ossuary)
  2 fungi (D:9)
  4 plants (Lair:2)
13 creatures vanquished.

Grand Total: 308 creatures vanquished

Notes
Turn   | Place    | Note
--------------------------------------------------------------
     0 | D:1      | Doomgape the Gargoyle Monk began the quest for the Orb.
     0 | D:1      | Reached XP level 1. HP: 14/14 MP: 1/1
   107 | D:1      | Reached XP level 2. HP: 15/19 MP: 2/2
   828 | D:2      | Reached XP level 3. HP: 22/23 MP: 3/3
   829 | D:2      | Found a radiant altar of Vehumet.
   867 | D:2      | Reached skill level 5 in Unarmed Combat
   878 | D:2      | Found a stormy altar of Qazlal.
   918 | D:2      | Became a worshipper of Qazlal Stormbringer
   918 | D:2      | Reached * piety under Qazlal
   918 | D:2      | Reached ** piety under Qazlal
  1107 | D:2      | Found a glowing silver altar of Zin.
  1109 | D:2      | Found an opulent altar of Gozag.
  1382 | D:2      | Reached XP level 4. HP: 27/28 MP: 4/4
  1729 | D:3      | Found a faded altar to an unknown god.
  2502 | D:4      | Found a burning altar of Makhleb.
  2502 | D:4      | Noticed Grinder
  2517 | D:4      | Paralysed by Grinder for 2 turns
  2531 | D:4      | Paralysed by Grinder for 3 turns
  2538 | D:4      | Paralysed by Grinder for 2 turns
  2551 | D:4      | Killed Grinder
  2551 | D:4      | Reached XP level 5. HP: 32/32 MP: 5/5
  2551 | D:4      | Reached XP level 6. HP: 37/37 MP: 6/6
  2620 | D:4      | Found a staircase to the Ecumenical Temple.
  2731 | D:4      | Noticed Robin
  2737 | D:4      | Killed Robin
  2854 | D:4      | Reached XP level 7. HP: 41/41 MP: 7/7
  3326 | Temple   | Entered the Ecumenical Temple
  3540 | D:5      | Entered Level 5 of the Dungeon
  3730 | D:5      | Found Qyble's Book Shoppe.
  3734 | D:5      | Found a sand-covered staircase.
  3766 | D:5      | Reached *** piety under Qazlal
  3820 | Ossuary  | Entered an ossuary
  4076 | Ossuary  | Reached XP level 8. HP: 27/46 MP: 8/8
  4466 | D:5      | Reached skill level 10 in Unarmed Combat
  4738 | D:6      | Noticed Duvessa
  4740 | D:6      | Noticed Dowan
  4749 | D:6      | Killed Duvessa
  4750 | D:6      | Noticed Killer's ghost (novice MiFi)
  4777 | D:6      | Killed Dowan
  4815 | D:6      | Killed Killer's ghost
  4997 | D:6      | Reached skill level 3 in Dodging
  4997 | D:6      | Reached XP level 9. HP: 44/51 MP: 9/9
  5243 | D:6      | Reached skill level 4 in Dodging
  5368 | D:6      | Reached **** piety under Qazlal
  5585 | D:7      | Reached skill level 5 in Dodging
  6278 | D:7      | Gained mutation: Your natural rate of healing is unusually fast. [potion of mutation]
  6278 | D:7      | Gained mutation: You are partially covered in slimy green scales (AC +2). [potion of mutation]
  6278 | D:7      | Gained mutation: You have large cloven feet. [potion of mutation]
  6282 | D:7      | Gained mutation: You are partially covered in rugged brown scales (AC +1, +3% HP). [potion of beneficial mutation]
  6318 | D:8      | Reached skill level 6 in Dodging
  6642 | D:8      | Found a shimmering altar of Xom.
  6792 | D:8      | Reached skill level 7 in Dodging
  6897 | D:8      | Learned a level 1 spell: Apportation
  6900 | D:8      | Learned a level 2 spell: Repel Missiles
  6903 | D:8      | Learned a level 2 spell: Swiftness
  6906 | D:8      | Learned a level 2 spell: Blink
  6963 | D:9      | Reached XP level 10. HP: 52/57 MP: 10/10
  6980 | D:9      | Reached skill level 8 in Dodging
  7102 | D:9      | Noticed Joseph
  7125 | D:9      | Killed Joseph
  7125 | D:9      | Reached skill level 9 in Dodging
  7261 | D:9      | Found a shimmering altar of Xom.
  7333 | D:9      | Found a staircase to the Lair.
  7421 | Lair:1   | Entered Level 1 of the Lair of Beasts
  7448 | Lair:1   | Reached ***** piety under Qazlal
  7628 | Lair:1   | Reached skill level 10 in Dodging
  7845 | Lair:1   | Noticed an oklob plant
  7919 | Lair:1   | Killed an oklob plant
  8514 | Lair:2   | Reached XP level 11. HP: 61/61 MP: 11/11
  8525 | Lair:2   | Reached skill level 11 in Dodging
  8529 | Lair:2   | Noticed Urug
  8845 | Lair:1   | Killed Urug
  8882 | Lair:2   | Noticed a wolf spider
  8888 | Lair:2   | Killed a wolf spider
  8894 | Lair:2   | Reached skill level 12 in Dodging
  9369 | Lair:2   | Reached skill level 5 in Fighting
  9638 | Lair:3   | Noticed a death yak
  9642 | Lair:3   | Noticed a death yak
  9644 | Lair:3   | Noticed a death yak
  9666 | Lair:2   | HP: 1/65 [spiny frog (16)]
  9666 | Lair:2   | Demolished by a death yak

Skill      XL: |  1  2  3  4  5  6  7  8  9 10 11 |
---------------+----------------------------------+-----
Unarmed Combat | 5 7 8 9 11 | 11.3
Dodging        | 3 7 10 12 | 12.0
Fighting       | 5 |  5.8
Stealth        | |  2.1

Action                   |  1- 3 |  4- 6 |  7- 9 | 10-12 || total
-------------------------+-------+-------+-------+-------++-------
Melee: Unarmed           |   130 |   158 |   346 |   357 ||   991
       Punch             |     2 |     3 |    18 |    22 ||    45
Evoke: Wand              |       |       |     7 |     7 ||    14
  Use: Potion            |       |     4 |     3 |     1 ||     8
       Scroll            |       |       |    13 |     1 ||    14
 Stab: Sleeping          |     2 |       |       |       ||     2
  Eat: Chunk             |     1 |     5 |    10 |     8 ||    24
       Pizza             |       |       |     1 |       ||     1
       Fruit             |       |       |     2 |       ||     2
Armor: Leather armour    |    33 |    45 |    86 |    77 ||   241
       Skin              |       |     4 |       |       ||     4
Dodge: Dodged            |    71 |    71 |   125 |   199 ||   466
       Deflected         |       |       |       |     8 ||     8
Block: Other             |     5 |    14 |    98 |   157 ||   274
       Reflection        |       |       |       |     4 ||     4
